 Dungeon Crawl Stone Soup version 0.18.1-50-g88ac8fd (webtiles) character file.

353 Nadrilmar the Gusty (level 6, -8/32 HPs)
             Began as a Tengu Air Elementalist on Sept 21, 2016.
             Killed by nerve-wracking pain
             ... invoked by an orc priest
              (12 damage)
             ... on level 4 of the Dungeon.
             The game lasted 00:37:57 (4123 turns).

Nadrilmar the Gusty (Tengu Air Elementalist)        Turns: 4123, Time: 00:37:57

Health: -8/32      AC:  3    Str:  9    XL:     6   Next: 62%
Magic:  3/12       EV: 13    Int: 24    God:
Gold:   142        SH:  0    Dex: 16    Spells: 4 memorised, 4 levels left

rFire  + . .     SeeInvis .     g - +0 dagger
rCold  . . .     Gourm    .     a - +1 robe
rNeg   . . .     Faith    .     (no shield)
rPois  .         Spirit   .     (helmet restricted)
rElec  .         Dismiss  .     (no cloak)
rCorr  .         Reflect  .     (no gloves)
SustAt .         Harm     .     (boots unavailable)
MR     +....                    (no amulet)
Stlth  ++........               (no ring)
                                r - ring of protection from fire

@: brilliant, repel missiles, somewhat resistant to hostile enchantments,
unstealthy
A: beak, talons 3, agile 1, clever 1, magic resistance 1, able to fly 1
a: Fly


You were on level 4 of the Dungeon.
You were hungry.

You visited 1 branch of the dungeon, and saw 4 of its levels.

You collected 142 gold pieces.

Inventory:

Hand Weapons
 g - a +0 dagger (weapon)
Armour
 a - a +1 robe (worn)
Jewellery
 c - an uncursed ring of flight {unknown}
 q - an uncursed amulet of rage
 r - a ring of protection from fire (left hand)
Scrolls
 f - a scroll of amnesia
 h - 2 scrolls of magic mapping
Potions
 e - 2 potions of flight {unknown}
Books
 b - a book of Air

   Spells                             Type                      Level
   a - Shock                          Conjuration/Air              1
   b - Swiftness                      Charms/Air                   2
   c - Repel Missiles                 Charms/Air                   2
   d - Static Discharge               Conjuration/Air              3
   e - Lightning Bolt                 Conjuration/Air              5
Comestibles
 j - 4 meat rations
 n - a slice of pizza
 p - a bread ration


   Skills:
 + Level 0.2 Fighting
 + Level 3.1 Dodging
 + Level 2.6 Stealth
 + Level 3.6 Spellcasting
 + Level 4.5 Conjurations
 + Level 6.0 Air Magic


You had 4 spell levels left.
You knew the following spells:

 Your Spells              Type           Power        Failure   Level  Hunger
a - Shock                 Conj/Air       ####         1%          1    None
b - Repel Missiles        Chrm/Air       ####..       1%          2    #......
c - Swiftness             Chrm/Air       ####....     1%          2    #......
d - Static Discharge      Conj/Air       #####...     1%          3    ###....


Dungeon Overview and Level Annotations

Branches:
Dungeon (4/15)
 Temple: D:4-7

Altars:
Ashenzari
Gozag
Okawaru
Trog


Innate Abilities, Weirdness & Mutations

You have a beak for a mouth.
You have claws for feet.
You can fly.
You are agile. (Dex +2)
Your mind is acute. (Int +2)
You are resistant to hostile enchantments.


Message History

The jackal barks!
* * * LOW HITPOINT WARNING * * *
A jackal comes into view.
Read which item? (? for menu, Esc to quit)
As you read the scroll labeled EBIBAFE CAPT, it crumbles to dust.
You feel blessed for a moment.
It was a scroll of remove curse.
The orc wizard completely misses you. The orc wizard barely misses you.
Read which item? (? for menu, Esc to quit)
As you read the scroll labeled DAUMUZYFIMM, it crumbles to dust.
It is a scroll of recharging.
You aren't carrying any rechargeable items.
The orc priest barely misses you.
The orc wizard gestures wildly while chanting.
The orc wizard blinks!
A worker ant comes into view.
The orc priest hits you but does no damage.
The orc shouts!
The orc priest calls down the wrath of Beogh upon you.
Pain shoots through your body!
You die...

......
#.###....
.....##.##
##.#
#......##.....
##...........#
#............
###.#§....$..
#.#§.§.....
#.§o#.?....
###@§......
##.o.......
#..h.......
#..........
..o...h....#
..#..........#
#..
........#..#
..
.....)a...)..
#
.##...........


You could see a worker ant, an orc priest, an orc wizard, an orc and 2 jackals.

Vanquished Creatures
  The ghost of Nadrilmar the Gusty, an amateur TeAE (D:3)
  An orc priest (D:3)
  2 orc wizards (D:3)
  A gnoll (D:3)
  3 adders
  3 worms (D:3)
  4 dart slugs
  A giant gecko (D:3)
  7 orcs
  4 bats
  5 giant cockroaches
  13 hobgoblins
  21 jackals
  A quokka (D:3)
  2 ball pythons
  5 giant newts
  9 goblins
  8 kobolds
  7 rats
98 creatures vanquished.

Notes
Turn   | Place    | Note
--------------------------------------------------------------
     0 | D:1      | Nadrilmar the Tengu Air Elementalist began the quest for the Orb.
     0 | D:1      | Reached XP level 1. HP: 10/10 MP: 4/4
   381 | D:1      | Reached XP level 2. HP: 8/15 MP: 0/6
   385 | D:1      | Learned a level 2 spell: Repel Missiles
  1217 | D:2      | Reached XP level 3. HP: 19/19 MP: 4/7
  1256 | D:2      | Found an iron altar of Okawaru.
  1675 | D:2      | Learned a level 2 spell: Swiftness
  1910 | D:2      | Reached XP level 4. HP: 24/24 MP: 1/8
  1981 | D:2      | Found a bloodstained altar of Trog.
  2015 | D:2      | Learned a level 3 spell: Static Discharge
  2589 | D:3      | Noticed Nadrilmar's ghost (amateur TeAE)
  2600 | D:3      | Killed Nadrilmar's ghost
  2600 | D:3      | Reached skill level 5 in Air Magic
  2600 | D:3      | Gained mutation: You can fly. [Tengu growth]
  2600 | D:3      | Reached XP level 5. HP: 28/28 MP: 2/10
  2689 | D:3      | Found a shattered altar of Ashenzari.
  2762 | D:3      | Found an opulent altar of Gozag.
  3232 | D:3      | Reached XP level 6. HP: 32/32 MP: 0/11
  4038 | D:3      | Noticed an orc warrior
  4047 | D:3      | Reached skill level 6 in Air Magic
  4098 | D:4      | Gained mutation: You are agile. (Dex +2) [potion of mutation]
  4098 | D:4      | Gained mutation: You are resistant to hostile enchantments. [potion of mutation]
  4098 | D:4      | Gained mutation: Your mind is acute. (Int +2) [potion of mutation]
  4123 | D:4      | Killed from afar by an orc priest

Skill      XL: |  1  2  3  4  5  6 |
---------------+-------------------+-----
Conjurations   | 2 3 4 |  4.5
Dodging        | 3 |  3.1
Spellcasting   | 3 |  3.6
Air Magic      | 5 6 |  6.0
Fighting       | |  0.2
Stealth        | |  2.6

Action                   |  1- 3 |  4- 6 || total
-------------------------+-------+-------++-------
Melee: Unarmed           |     2 |       ||     2
       Peck              |     4 |       ||     4
       Kick              |     1 |     1 ||     2
       Dagger            |     8 |     2 ||    10
 Cast: Shock             |    86 |   148 ||   234
       Repel Missiles    |     1 |       ||     1
       Static Discharge  |       |     3 ||     3
       Swiftness         |       |     1 ||     1
  Use: Scroll            |     3 |     5 ||     8
       Potion            |       |     2 ||     2
  Eat: Bread ration      |     1 |       ||     1
       Meat ration       |       |     1 ||     1
       Beef jerky        |       |     1 ||     1
Armor: Robe              |     9 |     5 ||    14
Dodge: Dodged            |    30 |    14 ||    44
       Deflected         |     3 |     1 ||     4
